 Dungeon Crawl Stone Soup version 0.27.1-34-g3ba077fa99 (webtiles) character file.

Game seed: 1109073160745590135

88 comborobin the Sneak (level 4, -2/38 HPs)
             Began as a Draconian Delver on Jan 9, 2022.
             Killed from afar by an orc wizard (8 damage)
             ... with a puff of flame
             ... on level 2 of the Dungeon.
             The game lasted 00:01:29 (1431 turns).

comborobin the Sneak (Draconian Delver)             Turns: 1431, Time: 00:01:30

Health: -2/38      AC:  5    Str: 14 (16) XL:     4   Next: 29%
Magic:  4/4        EV: 12    Int:  7 (10) God:
Gold:   63         SH:  0    Dex:  9 (12) Spells: 3/3 levels left

rFire    . . .     SeeInvis .     - Unarmed
rCold    . . .     Faith    .   (no shield)
rNeg     . . .     Spirit   .   (armour unavailable)
rPois    .         Reflect  .   (helmet restricted)
rElec    .         Harm     .   (no cloak)
rCorr    .         Rampage  .   (no gloves)
Will     .....                  (no boots)
Stlth    +.........             (no amulet)
HPRegen  0.12/turn              (no ring)
MPRegen  0.09/turn              (no ring)

@: confused
A: AC +5, unfitting armour, cold-blooded
a: no special abilities


You were on level 2 of the Dungeon.
You visited 1 branch of the dungeon, and saw 5 of its levels.

You collected 63 gold pieces.

Inventory:

Wands
 b - a wand of mindburst (9)
 e - a wand of digging (3)
Scrolls
 a - 2 scrolls of fog
 c - a scroll of fear
 d - a scroll of blinking {unknown}
 f - a scroll of magic mapping


   Skills:
 - Level 3.2 Fighting
 - Level 1.7 Dodging
 - Level 4.5 Stealth
 + Level 3.0 Unarmed Combat
 - Level 3.2 Evocations


You had 3 spell levels left.
You didn't know any spells.
Your spell library was empty.

Dungeon Overview and Level Annotations

Branches:
Dungeon (6/15)
 Temple: D:4-7

Altars:

Shops:
D:2 =

Annotations:
D:4 Pikel


Innate Abilities, Weirdness & Mutations

Your plain brown scales are hard. (AC +5)
You cannot fit into any form of body armour.
You are cold-blooded and may be slowed by cold attacks.


Message History

No target in view!
You closely miss something. You tail-slap something. Something hits you.
You miss something. Something barely misses you.
You barely miss something.
Your tail-slap misses something.
Something hits you.
You hit something. Something hits you but does no damage.
No target in view!
You hit something.
You hear some strange, mumbled words.
You are confused.
You're too confused to move!
You hear some strange, mumbled words.
Something tries to affect you, but you resist.
You hear some strange, mumbled words.
A magic dart appears from out of thin air!
The magic dart hits you!
You're too confused to move!
You hear some strange, mumbled words.
You are more confused.
It was a potion of degeneration.
There was something very wrong with that liquid.
You feel weakened.
You feel dopey.
You feel clumsy.
You hear some strange, mumbled words.
A puff of flame appears from out of thin air!
The puff of flame hits you!
* * * LOW HITPOINT WARNING * * *
You bump into the rock wall.
You hear some strange, mumbled words.
A magic dart appears from out of thin air!
The magic dart hits you.
* * * LOW HITPOINT WARNING * * *
You barely miss something. Something hits you but does no damage.
You're too confused to move!
Something hits you but does no damage.
You are too confused!
Unknown command.
Something hits you.
* * * LOW HITPOINT WARNING * * *
You hear some strange, mumbled words.
A puff of flame appears from out of thin air!
The puff of flame hits you!
You die...

....#...###.#.........##...#....#
^##.#.#.#...#.#...######.###....#
.##...#.#####.#...###....# ######
.######.......#....##.#### ######
## #########.....#.######....#
#....[#.....(...#.# #########
#...{>###########.# #.......#
#....÷.)..........# ......#.#
#.@.#####...####### ......#.#
#...# #...# .....)'.# #...# #####
......##### ##### ..........####
#########.#.(#### #.#.#.#.####
#.#...#..#.####
#.#.#..÷#...#.######


There were no monsters in sight!

Vanquished Creatures
  A water moccasin skeleton (D:5)
  An adder (D:2)
  3 dart slugs (D:2)
  3 orcs (D:2)
  2 bats (D:2)
  An endoplasm (D:2)
  2 goblins (D:2)
  3 hobgoblins (D:2)
  A kobold (D:2)
  A frilled lizard (D:2)
  2 rats (D:2)
20 creatures vanquished.

Notes
Turn   | Place    | Note
-------+----------+-------------------------------------------
     0 | D:5      | comborobin the Draconian Delver began the quest for the
                  | Orb.
     0 | D:5      | Reached XP level 1. HP: 19/19 MP: 1/1
     1 | D:6      | Noticed a sky beast
   333 | D:5      | Reached XP level 2. HP: 10/26 MP: 2/2
   333 | D:5      | Reached XP level 3. HP: 11/31 MP: 3/3
   544 | D:4      | Noticed Pikel
   544 | D:4      | Noticed a lemure
   544 | D:4      | Noticed a lemure
   544 | D:4      | Noticed a lemure
   757 | D:2      | Reached XP level 4. HP: 38/38 MP: 4/4
   924 | D:2      | Found Get Igudd's Jewellery Emporium.
  1431 | D:2      | Killed from afar by an orc wizard

Illustrated notes

Levels and vault maps discovered:
D:2:      minmay_spotlight, layout_basic, serial_shops, nicolae_shop_stone
D:3:      layout_basic
D:4:      layout_gridville, minmay_temple_entry_overgrown, uniq_pikel
D:5:      layout_basic, tgw_xom, serial_bayou, serial_bayou_pond_c,
          serial_bayou_crossing, serial_bayou_lagoon_a, serial_bayou_pond_e,
          solitary_fountain
D:6:      layout_cave_pods, nicolae_hepliaklqana_hazy_memory, serial_shops,
          shop, st_stairs_11

Skill      XL: |  1  2  3  4 |
---------------+-------------+-----
Evocations     | 3 |  3.2
Unarmed Combat | 3 |  3.0
Fighting       | |  3.2
Dodging        | |  1.7
Stealth        | |  4.5

Action                   |  1- 3 |  4- 6 || total
-------------------------+-------+-------++-------
Melee: Unarmed           |    50 |    63 ||   113
       Tailslap          |     3 |     5 ||     8
  Use: Potion            |     2 |     1 ||     3
       Scroll            |     1 |       ||     1
 Stab: Sleeping          |     3 |       ||     3
Armor: Skin              |     8 |    22 ||    30
Dodge: Dodged            |    23 |    41 ||    64
